 Dungeon Crawl Stone Soup version 0.29.0-11-gd7f09526c8 (webtiles) character file.

Game seed: 11390923555684777116

95 mortz the Magician (level 4, -3/31 HPs)
             Began as a Djinni Conjurer on Sept 3, 2022.
             Was a Follower of Qazlal.
             Killed by divine providence
             ... invoked by an orc priest
              (12 damage)
             ... on level 3 of the Dungeon.
             The game lasted 00:09:45 (2897 turns).

mortz the Magician (Djinni Conjurer)                Turns: 2897, Time: 00:09:45

Health: -3/31      AC:  3    Str:  6    XL:     4   Next: 97%
Gold:   65         EV: 13    Int: 30    God:    Qazlal [*.....] SH:  2 Dex: 17

rFire   + + .      SeeInvis +   h - +12 quarterstaff "Vonor Vase" {drain, rN+ Int+6 Stlth+, staff}
rCold   x . .      Faith    .   (shield currently unavailable)
rNeg    + . .      Spirit   .   a - +0 robe
rPois   ∞          Reflect  .   (no helmet)
rElec   .          Harm     .   (no cloak)
rCorr   .          Rampage  .   i - +0 pair of gloves
Will    .....                   (boots unavailable)
Stlth   +++.......              (no amulet)
HPRegen 0.10/turn               k - ring "Yzis Zaph" {Int+2 Dex+6 SInv}
MPRegen 0.00/turn               (no ring)

@: flying
A: sickness immunity, fire resistance 2, cold vulnerability 1, float, innate
caster, HP casting, extra vitality 1
a: Renounce Religion


You were on level 3 of the Dungeon.
You worshipped Qazlal.
Qazlal was aware of your devotion.
You visited 1 branch of the dungeon, and saw 3 of its levels.

You collected 65 gold pieces.


Innate Abilities, Weirdness & Mutations

You are immune to sickness and miasma.
You are immune to poison.
Your flesh is very heat resistant. (rF++)
You are vulnerable to cold. (rC-)
You float through the air rather than walking.
You learn spells naturally, not from books.
Your magical power is your life essence.
You have superior vitality. (+4 MHP)


   Skills:
 + Level 2.4 Dodging
 - Level 1.8 Stealth
 + Level 4.5 Spellcasting


You couldn't memorise any spells.
You knew the following spells:

 Your Spells              Type           Power      Damage    Failure   Level
a - Magic Dart            Conj           100%       1d8       1%          1
b - Searing Ray           Conj           68%        2d6       1%          2
c - Iskenderun's Mystic   Conj/Tloc      34%        2d8       10%         4
d - Fulminant Prism       Conj/Hex       17%        3d11      10%         4
e - Dazzling Flash        Conj/Hex       68%        N/A       2%          3
f - Apportation           Tloc           68%        N/A       1%          1
Your spell library was empty.

Inventory:

Hand Weapons
 f - a +1 dagger {short}
   (You took it off a kobold on level 1 of the Dungeon)
 h - the +12 quarterstaff "Vonor Vase" (weapon) {drain, rN+ Int+6 Stlth+, staff}
   (You found it on level 2 of the Dungeon)

   A truly terrible weapon, it drains the life of any living foe it strikes.
   Int:       It affects your intelligence (+6).
   rN:        It protects you from negative energy.
   Stlth:     It makes you more stealthy.
Missiles
 b - 32 stones {throwing}
Armour
 a - a +0 robe (worn)
 i - a +0 pair of gloves (worn)
   (You found it on level 2 of the Dungeon)
 m - a +0 leather armour
   (You took it off an orc on level 2 of the Dungeon)
 n - a +0 scale mail
   (You found it on level 2 of the Dungeon)
 o - a +0 chain mail
   (You found it on level 2 of the Dungeon)
 r - a +0 robe
   (You found it on level 3 of the Dungeon)
Jewellery
 k - the ring "Yzis Zaph" (left hand) {Int+2 Dex+6 SInv}
   (You found it on level 2 of the Dungeon)

   [ring of see invisible]

   Int:       It affects your intelligence (+2).
   Dex:       It affects your dexterity (+6).
   SInv:      It lets you see invisible.
Scrolls
 c - 4 scrolls of identify {@r1}
 d - a scroll of magic mapping {!r}
 e - a scroll of fog {unknown}
 g - a scroll of enchant weapon
 j - a scroll of poison {unknown}
 l - a scroll of blinking {unknown}
 p - a scroll of fear {unknown}
 q - a scroll of amnesia {unknown}

Dungeon Overview and Level Annotations

Branches:
Dungeon (3/15) Zot: 15104

Altars:
Qazlal

).#o. .....#
# .>#.# #.
#o#.#
#.##)..##
#...o#..###
###..#....#
##.#....#
#.@#####
##....######
#.........#
#.^.......#
##.)......#
#......<.#
#........#
#........#
##########


You could see 2 orc priests.


Message History

Qazlal accepts your kill. 😕 HP[-1]
You take 1 damage, and now have 30/31 hp.
You see here a frilled lizard corpse.
There is an open door here.
You see here an orb of wrath.
There is an open door here.
There is a stone staircase leading up here.
There is a stone staircase leading up here.
There is an open door here.
There is an open door here.
A quokka comes into view. 😎 HP[+1]
Your hp is fully restored (31).
The magic dart hits the quokka.
You kill the quokka!
Qazlal accepts your kill. 😕 HP[-1]
You take 1 damage, and now have 30/31 hp.
You see here a quokka corpse.
Found a stone staircase leading down. 😎 HP[+1]
Your hp is fully restored (31).
There is a stone staircase leading down here.
Done exploring.
As you read the scroll labelled ETUTENNANIA, it crumbles to dust.
It is a scroll of enchant weapon.
Your +0 dagger {short} glows red for a moment.
Okay, then.
There is a stone staircase leading down here.
You fly downwards.
There is a stone staircase leading up here.
The magic dart hits the goblin.
You kill the goblin!
Qazlal accepts your kill. 😕 HP[-1]
You take 1 damage, and now have 30/31 hp.
r - a +0 robe You now have 65 gold pieces (gained 14).
Found a stone staircase leading down. 😎 HP[+1]
Your hp is fully restored (31).
An orc priest comes into view. It is wielding a +0 short sword.
The magic dart hits the orc priest.
The orc priest shouts!
You hear a shout!
An orc priest comes into view. It is wielding a +0 whip.
The orc priest invokes the aid of Beogh against you.
Beogh smites you!
You hear a shout! 😮 HP[-9]
You take 9 damage, and now have 22/31 hp.
MASSIVE DAMAGE!! (PAUSE)
You are too injured to fight recklessly!
Unknown command.
An orc, an orc priest and an adder come into view.
The orc priest looks satisfied for a moment.
An orc comes into view. It is wielding a +0 whip.
Casting: Magic Dart (safe; 1% risk of failure)
Confirm with . or Enter, or press ? or * to list all spells.
Aiming: Searing Ray (safe; 1% risk of failure)
Press: ? - help, Shift-Dir - straight line, f - orc priest, p - orc priest
Aim: an orc priest, wielding a +0 falchion (79% to hit)
Okay, then.
The orc priest looks satisfied for a moment.
Casting: Searing Ray (safe; 1% risk of failure)
Confirm with . or Enter, or press ? or * to list all spells.
Aiming: Searing Ray (safe; 1% risk of failure)
Press: ? - help, Shift-Dir - straight line, f - adder, p - orc priest
Aim: an adder (66% to hit)
The searing ray hits the adder.
The searing ray hits the orc priest. (Press . to maintain the ray.)
The orc priest calls upon Beogh to heal the orc priest.
The orc priest's wounds heal themselves! 😮 HP[-2]
You take 2 damage, and now have 20/31 hp.
The searing ray hits the adder!
You kill the adder!
Qazlal accepts your kill.
The searing ray hits the orc priest!
You kill the orc priest!
Qazlal accepts your kill.
The orc priest invokes the aid of Beogh against you.
Beogh smites you!
* * * LOW HITPOINT WARNING * * *
😨 HP[-10]
You take 10 damage, and now have 10/31 hp.
MASSIVE DAMAGE!! (PAUSE)
The searing ray hits the orc.
* * * LOW HITPOINT WARNING * * *
😨 HP[-1]
You take 1 damage, and now have 9/31 hp.
The searing ray hits the orc.
You kill the orc!
Qazlal accepts your kill.
The searing ray hits the orc priest!
* * * LOW HITPOINT WARNING * * *
You finish channelling your searing ray.
The orc priest mumbles some strange prayers to Beogh against you.
Beogh smites you!
You die...

Skill      XL: |  1  2  3 |
---------------+----------+-----
Spellcasting   | 4 |  4.5
Dodging        | |  2.4
Stealth        | |  1.8

Action                   |  1- 3 |  4- 6 || total
-------------------------+-------+-------++-------
 Cast: Magic Dart        |    58 |     5 ||    63
       Searing Ray       |     6 |     1 ||     7
  Use: Scroll            |     2 |     1 ||     3
Armor: Robe              |     3 |       ||     3
Dodge: Dodged            |     6 |       ||     6

Levels and vault maps discovered:
D:1:      psy_arrival_basics, layout_loops_corners,
          shapermc_ecumenical_altar_mp_vishouse, minmay_curled_crystal,
          serial_bayou_pond_a, due_unseen_surprise
D:2:      layout_loops_corners
D:3:      layout_rooms, nemelex_dance_club_becter, uniq_sigmund,
          uniq_crazy_yiuf_cottage, uniq_terence

Notes
Turn   | Place    | Note
-------+----------+-------------------------------------------
     0 | D:1      | mortz the Djinni Conjurer began the quest for the Orb.
     0 | D:1      | mortz set off with the following spells memorised: Magic
                  | Dart, Searing Ray, Dazzling Flash, Fulminant Prism,
                  | Iskenderun's Mystic Blast.
     0 | D:1      | Reached XP level 1. HP: 15/15 MP: 0/0
     0 | D:1      | magus.rc [v1.9.6]
   446 | D:1      | Found a faded altar of an unknown god.
   449 | D:1      | Prayed at the altar of an unknown god.
   449 | D:1      | Became a worshipper of Qazlal Stormbringer
   449 | D:1      | Reached * piety under Qazlal
   523 | D:1      | HP: 2/15 [dart slug/slug dart (5)]
   723 | D:1      | Reached XP level 2. HP: 5/21 MP: 0/0
  1290 | D:1      | Reached XP level 3. HP: 23/25 MP: 0/0
  1290 | D:1      | Learned a level 1 spell: Apportation
  1853 | D:2      | Identified the +12 quarterstaff "Vonor Vase" {drain, rN+
                  | Int+6 Stlth+}
  1953 | D:2      | Reached skill level 4 in Spellcasting
  2101 | D:2      | Identified the ring "Yzis Zaph" {Int+2 Dex+6 SInv}
  2492 | D:2      | Reached XP level 4. HP: 22/31 MP: 0/0
  2897 | D:3      | Killed from afar by an orc priest

Vanquished Creatures
  An orc priest (D:3)
  An adder (D:3)
  2 worms (D:2)
  A dart slug (D:1)
  4 orcs
  A ball python (D:2)
  3 endoplasms
  4 giant cockroaches
  3 goblins
  3 hobgoblins
  3 jackals (D:1)
  4 kobolds
  4 quokkas
  3 bats
  2 frilled lizards
  3 rats
42 creatures vanquished.

Table legend:
 A = Non-vault XP
 B = Vault XP
 C = Vault XP percentage of total XP
 D = Non-vault monster count
 E = Vault monster count
 F = Vault count percentage of total count
                 A         B        C        D         E       F
            +---------+---------+-------+---------+---------+-------
      Total |     137 |       0 |   0.0 |      42 |       0 |   0.0
            +---------+---------+-------+---------+---------+-------
        D:1 |      37 |       0 |   0.0 |      20 |       0 |   0.0
        D:2 |      41 |       0 |   0.0 |      18 |       0 |   0.0
        D:3 |      59 |       0 |   0.0 |       4 |       0 |   0.0
            +---------+---------+-------+---------+---------+-------

Illustrated notes

Table legend:
 A = Kills in this place as a percentage of kills in entire the game.
 B = Kills by you in this place as a percentage of kills by you in the entire game.
 C = Kills by friends in this place as a percentage of kills by friends in the entire game.
 D = Other kills in this place as a percentage of other kills in the entire game.
 E = Experience gained in this place as a percentage of experience gained in the entire game.
 F = Experience gained in this place divided by the number of levels of this place that you have seen.
                   A       B       C       D       E      F
               +-------+-------+-------+-------+-------+----------------------
         Total | 100.0 | 100.0 |   N/A |   N/A | 100.0 |  45.7
       Dungeon | 100.0 | 100.0 |   N/A |   N/A | 100.0 |  45.7
               +-------+-------+-------+-------+-------+----------------------

Table legend: (Time is in decaauts)
 A = Elapsed time spent in this place.
 B = Non-inter-level travel time spent in this place.
 C = Inter-level travel time spent in this place.
 D = Time resting spent in this place.
 E = Time spent auto-exploring this place.
 F = Levels seen in this place.
 G = Mean time per level.
                   A        B        C        D        E       F      G
               +--------+--------+--------+--------+--------+-----+--------+
         Total |   2895 |   2889 |      6 |     38 |   2570 |   3 |  965.0 |
       Dungeon |   2895 |   2889 |      6 |     38 |   2570 |   3 |  965.0 |
               +--------+--------+--------+--------+--------+-----+--------+

Top non-repeatable levels by time:
     D:1: 1703 daAuts
     D:2: 1155 daAuts
     D:3: 35 daAuts
